 Dungeon Crawl Stone Soup version 0.23.1-38-g628c18f (webtiles) character file.

Game seed: 6450310579970837812

5319 doot the Destroyer (level 10, -3/56 HPs)
             Began as a Tengu Conjurer on Mar 28, 2019.
             Was an Elder of Okawaru.
             Killed from afar by Nergalle (27 damage)
             ... with a bolt of negative energy
             ... on level 10 of the Dungeon.
             The game lasted 00:28:51 (11323 turns).

doot the Destroyer (Tengu Conjurer)                Turns: 11323, Time: 00:28:52

Health: -3/56      AC:  4    Str: 11    XL:     10   Next: 64%
Magic:  0/23       EV: 17    Int: 16    God:    Okawaru [****..]
Gold:   587        SH:  0    Dex: 15    Spells: 10/25 levels left

rFire    . . .     SeeInvis .   C - +1 great sword
rCold    . . .     Gourm    .   (shield currently unavailable)
rNeg     . . .     Faith    .   H - +0 robe {MR+}
rPois    .         Spirit   .   (helmet restricted)
rElec    .         Reflect  .   (no cloak)
rCorr    .         Harm     .   F - +1 pair of gloves
MR       +....                  (boots unavailable)
Stlth    +++.......             (no amulet)
HPRegen  0.18/turn              (no ring)
MPRegen  0.18/turn              (no ring)

@: flying quickly and evasively, heavily drained, quick
A: beak, talons 3, able to fly
a: Stop Flying, Heroism, Renounce Religion


You were on level 10 of the Dungeon.
You worshipped Okawaru.
Okawaru was greatly pleased with you.
You were not hungry.

You visited 2 branches of the dungeon, and saw 11 of its levels.
You also visited: Ossuary.

You collected 587 gold pieces.

Inventory:

Hand Weapons
 d - a +0 dagger
 u - a +0 flail
 C - a +1 great sword (weapon)
Armour
 a - a +0 robe
 F - a +1 pair of gloves (worn)
 H - a +0 robe of magic resistance (worn)
 I - a cursed +0 scale mail
Jewellery
 E - an uncursed amulet of harm
Wands
 n - a wand of flame (56)
 G - a wand of paralysis (12)
Scrolls
 e - 3 scrolls of teleportation
 f - 9 scrolls of identify
 g - 3 scrolls of enchant armour
 h - 4 scrolls of amnesia
 i - 2 scrolls of enchant weapon
 l - 3 scrolls of immolation
 m - 4 scrolls of blinking
 o - 6 scrolls of noise
 q - 2 scrolls of remove curse
 t - a scroll of fog {unknown}
 y - a scroll of fear {unknown}
 D - a scroll of random uselessness {unknown}
 J - a scroll of acquirement {unknown}
Potions
 b - 6 potions of agility
 j - 5 potions of lignification
 k - 5 potions of curing
 p - 3 potions of mutation
 r - a potion of haste
 s - a potion of heal wounds
 v - a potion of invisibility
 w - a potion of brilliance
 x - 4 potions of degeneration
 z - 2 potions of ambrosia
 A - a potion of berserk rage
 B - a potion of might
Comestibles
 c - 13 rations
 K - 4 chunks of flesh


   Skills:
 + Level 3.2(2.1) Fighting
 + Level 5.8(4.6) Long Blades
 + Level 3.2(2.0) Maces & Flails
 + Level 5.7(4.5) Dodging
 + Level 5.1(3.8) Stealth
 + Level 8.2(6.8) Spellcasting
 + Level 11.7(10.2) Conjurations
 + Level 0.7(0.0) Hexes


You had 10 spell levels left.
You knew the following spells:

 Your Spells              Type           Power        Failure   Level  Hunger
a - Magic Dart            Conj           ####         1%          1    None
b - Searing Ray           Conj           #####.       1%          2    None
c - Force Lance           Conj/Tloc      ###.....     16%         4    ####...
d - Iskenderun's Mystic   Conj           #####...     1%          4    ####...
e - Fulminant Prism       Conj/Hex       ###.......   16%         4    ####...

Your spell library contained the following spells:

 Spells                   Type           Power        Failure   Level  Hunger
 Dazzling Spray           Conj/Hex       ###...       4%          3    ##.....
 Beastly Appendage        Tmut           #.....       13%         1    None
 Sticks to Snakes         Tmut           #.......     19%         2    None
 Spider Form              Tmut/Pois      #.........   36%         3    ##.....
 Ice Form                 Ice/Tmut       #.......     77%         4    ####...
 Blade Hands              Tmut           #.........   98%         5    #####..


Dungeon Overview and Level Annotations

Branches:
Dungeon (10/15)            Temple (1/1) D:6
   Lair: D:8-11         Orc: D:9-12

Altars:
Ashenzari
Cheibriados
Dithmenos
Elyvilon
Fedhas
Gozag
Hepliaklqana
Kikubaaqudgha
Makhleb
Nemelex Xobeh
Okawaru
Qazlal
Ru
Sif Muna
Trog
Uskayaw
Vehumet
Wu Jian
Xom
Yredelemnul
Zin
The Shining One

Shops:
D:5 *

Annotations:
D:6 2 transporters
D:10 Nergalle


Innate Abilities, Weirdness & Mutations

You have a beak for a mouth.
You have claws for feet.
You can fly continuously.


Message History

You peck the spectral orc warrior.
The spectral orc warrior is heavily damaged.
Nergalle points at you and mumbles some strange words.
Orcish apparitions take form around you.
Unknown command.
You hit Nergalle but do no damage.
Nergalle is almost dead.
The spectral orc misses you.
The spectral orc hits you but does no damage.
Nergalle closely misses you. The spectral orc warrior misses you.
The spectral orc misses you.
You riposte.
You slash the spectral orc!
You destroy the spectral orc!
The spectral orc barely misses you.
The spectral orc warrior hits you from afar with a +0 glaive.
You hit Nergalle but do no damage. Your kick misses Nergalle.
Nergalle is almost dead.
The spectral orc hits you but does no damage.
Nergalle points at you and mumbles some strange words.
The bolt of negative energy hits you!!
You feel drained.
You die...

########################
...................#....
..................<#....
.....>.............#....
................<..#....
.........Z.........#....
.......oZ..........#....
......Z@ZZ..#......#....
......#######.....)##'##
##### #...........
#...........
#...........
#...........
#......#....
########.... #....


You could see Nergalle, 3 spectral orcs and 2 spectral orc warriors.

Vanquished Creatures
  A two-headed ogre (D:8)
  A centaur zombie (D:9)
  A kobold demonologist (D:9)
  A troll (D:10)
  Prince Ribbit (D:8)
  A hippogriff (D:9)
  A water moccasin (D:7)
  An orc warrior (D:9)
  3 sky beasts
  A black bear (D:7)
  6 ogres
  2 phantoms
  4 centaurs
  3 big kobolds
  4 bullfrogs
  2 scorpions
  3 killer bees (D:8)
  2 howler monkeys (D:8)
  4 crimson imps
  A bullfrog zombie (D:6)
  A quasit (D:9)
  6 hounds
  3 jellies
  3 orc wizards
  6 orc priests
  Jessica (D:3)
  An iguana (D:4)
  3 worker ants
  2 big kobold zombies (Ossuary)
  A hound zombie (D:8)
  2 hound skeletons (D:6)
  3 mummies (Ossuary)
  8 adders
  A howler monkey skeleton (D:4)
  A shadow imp (D:7)
  4 oozes
  A worm (D:2)
  5 leopard geckos
  21 orcs
  7 bats
  A giant cockroach (D:2)
  7 goblins
  6 hobgoblins
  9 jackals
  23 kobolds
  5 quokkas
  A ball python zombie (D:6)
  6 frilled lizards
  A gnoll zombie (Ossuary)
  2 goblin zombies (Ossuary)
  2 kobold zombies (Ossuary)
  2 leopard gecko skeletons
  An orc zombie (Ossuary)
  5 rats
194 creatures vanquished.

Vanquished Creatures (others)
  8 fulminant prisms
  3 fungi (D:8)
  2 plants (D:8)
13 creatures vanquished.

Grand Total: 207 creatures vanquished

Notes
Turn   | Place    | Note
-------+----------+-------------------------------------------
     0 | D:1      | doot the Tengu Conjurer began the quest for the Orb.
     0 | D:1      | Reached XP level 1. HP: 10/10 MP: 4/4
   274 | D:1      | Reached XP level 2. HP: 15/15 MP: 4/6
   381 | D:1      | Reached skill level 6 in Conjurations
   430 | D:1      | Learned a level 2 spell: Searing Ray
   613 | D:1      | Reached XP level 3. HP: 15/19 MP: 0/7
   686 | D:2      | Learned a level 3 spell: Dazzling Spray
   991 | D:2      | Reached XP level 4. HP: 24/24 MP: 4/8
  1006 | D:2      | Reached skill level 7 in Conjurations
  2004 | D:3      | Noticed Jessica
  2010 | D:3      | Killed Jessica
  2010 | D:3      | Gained mutation: You can fly continuously. [Tengu growth]
  2010 | D:3      | Reached XP level 5. HP: 28/28 MP: 5/9
  2063 | D:3      | Found a shattered altar of Ashenzari.
  2085 | D:3      | Found a burning altar of Makhleb.
  3124 | D:4      | Noticed an ogre
  3259 | D:4      | Killed an ogre
  3259 | D:4      | Reached XP level 6. HP: 33/33 MP: 6/12
  3442 | D:4      | Learned a level 4 spell: Iskenderun's Mystic Blast
  3444 | D:4      | Reached skill level 8 in Conjurations
  3476 | D:4      | Noticed a phantom
  3534 | D:4      | Found a glowing silver altar of Zin.
  3534 | D:4      | Noticed an angel
  3535 | D:4      | Found a shimmering altar of Xom.
  3539 | D:4      | Found a sand-covered staircase.
  3544 | Ossuary  | Entered an ossuary
  4243 | D:4      | Reached XP level 7. HP: 16/37 MP: 6/14
  4570 | D:4      | Reached skill level 1 in Fighting
  4570 | D:4      | Reached skill level 1 in Maces & Flails
  4827 | D:5      | Entered Level 5 of the Dungeon
  4839 | D:5      | Found a shadowy altar of Dithmenos.
  4925 | D:5      | Found a basalt altar of Yredelemnul.
  4930 | D:5      | Found a glowing golden altar of the Shining One.
  4932 | D:5      | Noticed an angel
  5043 | D:5      | Learned a level 4 spell: Fulminant Prism
  5091 | D:5      | Found Gozag's Platinum Reserve.
  5094 | D:5      | Found an opulent altar of Gozag.
  5666 | D:6      | Found a staircase to the Ecumenical Temple.
  5671 | D:6      | Reached XP level 8. HP: 32/43 MP: 10/15
  5679 | Temple   | Entered the Ecumenical Temple
  5891 | Temple   | Became a worshipper of Warmaster Okawaru
  6072 | D:6      | Found a stormy altar of Qazlal.
  6085 | D:6      | Found a radiant altar of Vehumet.
  6199 | D:6      | Found a transporter.
  6328 | D:6      | Found a transporter.
  6338 | D:6      | Noticed a cyclops
  6340 | D:6      | Found a hide-covered altar of Uskayaw.
  6616 | D:6      | Reached skill level 5 in Spellcasting
  6671 | D:6      | Reached skill level 9 in Conjurations
  6753 | D:6      | Found a hazy altar of Hepliaklqana.
  6832 | D:6      | Reached skill level 1 in Long Blades
  6981 | D:6      | Reached * piety under Okawaru
  7302 | D:7      | Reached XP level 9. HP: 48/48 MP: 11/18
  7430 | D:7      | Found a glowing golden altar of the Shining One.
  7732 | D:7      | Reached skill level 5 in Stealth
  7902 | D:8      | Reached ** piety under Okawaru
  7995 | D:8      | Noticed a two-headed ogre
  8210 | D:8      | Reached skill level 10 in Conjurations
  8413 | D:8      | Noticed Prince Ribbit
  8520 | D:8      | Reached skill level 5 in Dodging
  8770 | D:8      | Noticed a two-headed ogre
  8787 | D:8      | Killed a two-headed ogre
  8787 | D:8      | Reached *** piety under Okawaru
  9117 | D:8      | Killed Prince Ribbit
  9117 | D:8      | Reached XP level 10. HP: 30/55 MP: 2/21
  9240 | D:7      | Learned a level 4 spell: Force Lance
  9351 | D:9      | Reached skill level 5 in Long Blades
  9864 | D:9      | Reached skill level 11 in Conjurations
 10261 | D:9      | Noticed a kobold demonologist
 10266 | D:9      | Killed a kobold demonologist
 10266 | D:9      | Reached **** piety under Okawaru
 10868 | D:10     | Entered Level 10 of the Dungeon
 10947 | D:10     | Found an opulent altar of Gozag.
 11301 | D:10     | Noticed Nergalle
 11323 | D:10     | Killed from afar by Nergalle

Skill      XL: |  1  2  3  4  5  6  7  8  9 10 |
---------------+-------------------------------+-----
Conjurations   | 6 7 8 9 10 11 | 11.7
Dodging        | 3 4 5 |  5.7
Spellcasting   | 3 4 5 7 8 |  8.2
Stealth        | 3 4 5 |  5.1
Fighting       | 1 2 3 |  3.2
Maces & Flails | 2 3 |  3.2
Long Blades    | 2 4 5 |  5.8
Hexes          | |  0.7

Action                   |  1- 3 |  4- 6 |  7- 9 | 10-12 || total
-------------------------+-------+-------+-------+-------++-------
Melee: Dagger            |     1 |     4 |       |       ||     5
       Flail             |       |    27 |    11 |       ||    38
       Peck              |       |     3 |     9 |     3 ||    15
       Kick              |       |     3 |    10 |     6 ||    19
       Great sword       |       |       |    21 |    13 ||    34
 Cast: Magic Dart        |    41 |    66 |    70 |    25 ||   202
       Searing Ray       |     3 |    23 |    37 |    18 ||    81
       Dazzling Spray    |       |     3 |     1 |       ||     4
       Iskenderun's Myst |       |       |    17 |    14 ||    31
       Fulminant Prism   |       |       |     5 |     3 ||     8
       Force Lance       |       |       |       |     2 ||     2
 Abil: Fly               |       |     1 |       |       ||     1
  Use: Scroll            |       |    12 |     8 |       ||    20
 Stab: Sleeping          |       |     1 |     1 |       ||     2
  Eat: Chunk             |     1 |     8 |    12 |     2 ||    23
       Ration            |       |     1 |     2 |     2 ||     5
Armor: Robe              |     1 |     9 |     8 |     4 ||    22
Dodge: Dodged            |     5 |    45 |    99 |    54 ||   203
       Rpst.: Great sword |       |       |    28 |    14 ||    42
